 Dungeon Crawl Stone Soup version 0.19.5 (webtiles) character file.

3507 greprep the Covert (level 9, -3/45 HPs)
             Began as a Spriggan Enchanter on May 9, 2017.
             Was a Follower of Ashenzari.
             Slain by a killer bee (5 damage)
             ... on level 8 of the Dungeon.
             The game lasted 00:23:40 (9758 turns).

greprep the Covert (Spriggan Enchanter)             Turns: 9758, Time: 00:23:40

Health: -3/45      AC: 10    Str:  4    XL:     9   Next: 81%
Magic:  0/19       EV: 21    Int: 16    God:    Ashenzari [*.....]
Gold:   620        SH:  0    Dex: 20    Spells: 4 memorised, 11 levels left

rFire  . . .     SeeInvis +     u - +2 dagger (venom) (curse)
rCold  . . .     Gourm    .     b - +1 robe
rNeg   . . .     Faith    .     (shield restricted)
rPois  .         Spirit   +     (helmet restricted)
rElec  .         Reflect  .     d - +0 cloak
rCorr  .         Harm     .     (gloves unavailable)
MR     +....                    (boots unavailable)
Stlth  +++++.....               v - amulet of guardian spirit
                                (no ring)
                                i - +6 ring of protection (curse)

@: very slightly contaminated, very quick
A: unfitting armour, see invisible, herbivore 3, speed 3, slow metabolism 2
a: Curse Item, Scrying, Renounce Religion


You were on level 8 of the Dungeon.
You worshipped Ashenzari.
Ashenzari was aware of your devotion.
You were near starving.

You visited 2 branches of the dungeon, and saw 9 of its levels.
You also visited: Sewer.

You collected 620 gold pieces.

Inventory:

Hand Weapons
 a - a +1 dagger
 u - a cursed +2 dagger of venom (weapon)
Armour
 b - a +1 robe (worn)
 d - a +0 cloak (worn)
Jewellery
 i - a cursed +6 ring of protection (left hand)
 v - an amulet of guardian spirit (around neck)
 w - an uncursed ring of resist corrosion
Wands
 z - a wand of lightning (5/15)
Scrolls
 h - a scroll of enchant armour {unknown}
 k - 3 scrolls of random uselessness
 q - 4 scrolls of fear
 s - 3 scrolls of teleportation
 t - 2 scrolls of blinking
 x - a scroll of noise {unknown}
 y - a scroll of amnesia {unknown}
 A - 2 scrolls of identify
Potions
 e - 6 potions of curing
 f - a potion of might {unknown}
 j - 3 potions of brilliance
 l - 2 potions of heal wounds {unknown}
 m - a potion of haste {unknown}
 n - 2 potions of degeneration {unknown}
 o - a potion of cure mutation {unknown}
 p - a potion of mutation {unknown}
 r - 3 potions of flight
Books
 c - a book of Maledictions

   Spells                             Type                      Level
   a - Corona                         Hexes                        1
   b - Ensorcelled Hibernation        Hexes/Ice                    2
   c - Confuse                        Hexes                        3
   d - Tukima's Dance                 Hexes                        3
   e - Dazzling Spray                 Conjuration/Hexes            3
Comestibles
 g - 3 bread rations


   Skills:
 * Level 4.0 Fighting
 * Level 6.0 Short Blades
 * Level 3.6 Armour
 + Level 5.0 Dodging
 * Level 11.8 Stealth
 + Level 6.0 Spellcasting
 + Level 6.4 Hexes
 + Level 3.0 Ice Magic


You had 11 spell levels left.
You knew the following spells:

 Your Spells              Type           Power        Failure   Level  Hunger
a - Corona                Hex            ####...      1%          1    None
b - Ensorcelled Hibernat  Hex/Ice        ###...       3%          2    #......
c - Confuse               Hex            ####....     3%          3    ##.....
d - Tukima's Dance        Hex            ####....     3%          3    ##.....


Dungeon Overview and Level Annotations

Branches:
Dungeon (8/15)             Temple (1/1) D:4
   Lair: D:8-11

Altars:
Ashenzari
Dithmenos
Elyvilon
Gozag
Hepliaklqana
Nemelex Xobeh
Okawaru
Ru
Sif Muna
Trog
Uskayaw
Vehumet
Xom
Yredelemnul
Zin

Annotations:
D:8 Maurice


Innate Abilities, Weirdness & Mutations

You are very small and have problems with some larger weapons.
You are too small for most types of armour.
You have supernaturally acute eyesight. (SInv)
You are a herbivore.
You cover ground extremely quickly.
You need consume almost no food.


Message History

You hear an angry hiss.
The killer bee misses you.
You hear a shout!
You hear an angry hiss.
Maurice gestures wildly while chanting.
Maurice puts on a burst of speed!
The killer bee stings you!
* * * LOW HITPOINT WARNING * * *
Blink to where?
Press: ? - help, Dir - move target cursor
As you read the scroll of blinking, it crumbles to dust.
A killer bee and a centaur come into view.
You feel sick. The killer bee completely misses you.
The centaur wields a shortbow.
The centaur shoots an arrow.
The arrow closely misses you.
The killer bee buzzes angrily.
Found an escape hatch in the ceiling.
You feel better. The killer bee closely misses you.
The centaur shoots an arrow.
The arrow hits you!
* * * LOW HITPOINT WARNING * * *
The killer bee stings you.
You die...

###.# .. #.# #†§.# #
##†# #.### #... #.# #...
.## #.# #... .... #.####
#... ...<. #@...#
######...
.....c##y##.####........
....y..@y##..y..........
......##(#######........
..... #.# ######†.. ....
#.. #.)) .## #### #...
..... .#.... .. #.#.# #
.....


You could see Maurice, a centaur and 3 killer bees.

Vanquished Creatures
  A queen bee (D:8)
  A hippogriff (D:8)
  A wyvern (D:6)
  The ghost of Stendarr the Magician, an amateur HEAE (D:4)
  An orc warrior (D:6)
  A sky beast (D:7)
  A phantom (D:5)
  6 ogres
  4 centaurs
  A crocodile (D:7)
  A big kobold (Sewer)
  4 bullfrogs (D:6)
  A scorpion (D:4)
  3 killer bees (D:8)
  5 wights (D:6)
  A crimson imp (D:5)
  2 hounds
  3 jellies
  5 orc priests
  5 orc wizards
  4 bullfrog skeletons
  4 iguanas (D:7)
  2 worker ants (D:4)
  13 adders
  A river rat (Sewer)
  2 shadow imps
  2 oozes
  An adder zombie (D:6)
  A worm (D:4)
  A dart slug (D:2)
  6 leopard geckos
  20 orcs
  A ball python (D:2)
  10 giant cockroaches
  5 hobgoblins
  3 jackals
  A quokka (D:2)
  6 bats
  5 frilled lizards
  5 goblins
  11 kobolds
  A leopard gecko skeleton (D:5)
  A quokka zombie (D:6)
  11 rats
  A butterfly (D:4)
166 creatures vanquished.

Vanquished Creatures (collateral kills)
  A wight (D:6)
1 creature vanquished.

Vanquished Creatures (others)
  2 dancing weapons (D:6)
  2 plants (D:7)
4 creatures vanquished.

Grand Total: 171 creatures vanquished

Notes
Turn   | Place    | Note
-------+----------+-------------------------------------------
     0 | D:1      | greprep the Spriggan Enchanter began the quest for the Orb.
     0 | D:1      | Reached XP level 1. HP: 9/9 MP: 5/5
   319 | D:1      | Reached XP level 2. HP: 13/13 MP: 6/6
   334 | D:1      | Learned a level 2 spell: Ensorcelled Hibernation
   720 | D:1      | Reached skill level 5 in Stealth
  1255 | D:2      | Reached XP level 3. HP: 14/17 MP: 5/8
  1774 | D:2      | Found an opulent altar of Gozag.
  1993 | D:2      | Reached XP level 4. HP: 20/21 MP: 6/9
  2015 | D:2      | Learned a level 3 spell: Confuse
  2484 | D:3      | Found a shadowy altar of Dithmenos.
  3074 | D:3      | Found a deep blue altar of Sif Muna.
  3183 | D:3      | Reached skill level 6 in Stealth
  3413 | D:4      | Found an iron altar of Okawaru.
  3431 | D:4      | Reached skill level 1 in Fighting
  3431 | D:4      | Reached XP level 5. HP: 20/25 MP: 10/10
  3663 | D:4      | Noticed Stendarr's ghost (amateur HEAE)
  3678 | D:4      | Killed Stendarr's ghost
  3678 | D:4      | Reached skill level 1 in Armour
  3678 | D:4      | Reached XP level 6. HP: 27/30 MP: 2/12
  3965 | D:4      | Reached skill level 7 in Stealth
  4126 | D:4      | Found a staircase to the Ecumenical Temple.
  4302 | D:4      | Reached skill level 1 in Ice Magic
  4625 | Temple   | Entered the Ecumenical Temple
  4643 | Temple   | Became a worshipper of Ashenzari the Shackled
  4807 | D:4      | Reached XP level 7. HP: 34/34 MP: 13/13
  5527 | D:5      | Entered Level 5 of the Dungeon
  5552 | D:5      | Reached skill level 5 in Hexes
  5786 | D:5      | Reached skill level 8 in Stealth
  6324 | D:6      | Reached XP level 8. HP: 36/39 MP: 7/15
  6434 | D:6      | Reached * piety under Ashenzari
  6500 | D:6      | Found a glowing drain.
  6563 | Sewer    | Entered a sewer
  6575 | Sewer    | Reached skill level 9 in Stealth
  6963 | Sewer    | Found a glowing silver altar of Zin.
  7556 | D:6      | Reached skill level 5 in Spellcasting
  7834 | D:6      | Learned a level 3 spell: Tukima's Dance
  8229 | D:6      | Reached skill level 10 in Stealth
  8281 | D:6      | Reached skill level 5 in Short Blades
  8281 | D:6      | Reached XP level 9. HP: 32/44 MP: 6/17
  9484 | D:7      | Reached skill level 11 in Stealth
  9732 | D:8      | Noticed a queen bee
  9739 | D:8      | Killed a queen bee
  9739 | D:8      | Reached skill level 5 in Dodging
  9750 | D:8      | Noticed Maurice
  9758 | D:8      | HP: 2/45 [centaur/arrow (9)]
  9758 | D:8      | Slain by a killer bee

Skill      XL: |  1  2  3  4  5  6  7  8  9 |
---------------+----------------------------+-----
Hexes          | 4 5 6 |  6.4
Stealth        | 5 6 7 8 10 11 | 11.8
Short Blades   | 2 3 4 5 6 |  6.0
Fighting       | 1 2 3 4 |  4.0
Spellcasting   | 3 4 5 6 |  6.0
Armour         | 1 2 3 |  3.6
Ice Magic      | 1 2 3 |  3.0
Dodging        | 4 5 |  5.0

Action                   |  1- 3 |  4- 6 |  7- 9 || total
-------------------------+-------+-------+-------++-------
Melee: Dagger            |   151 |    95 |   257 ||   503
 Cast: Ensorcelled Hiber |    18 |    19 |    78 ||   115
       Confuse           |       |    10 |    23 ||    33
       Tukima's Dance    |       |       |     5 ||     5
Invok: Curse Item        |       |     2 |       ||     2
       Scrying           |       |       |     1 ||     1
  Use: Scroll            |       |       |    10 ||    10
       Potion            |       |       |     2 ||     2
 Stab: Sleeping          |    18 |    11 |    46 ||    75
       Distracted        |     1 |       |     1 ||     2
       Confused          |       |     4 |     8 ||    12
  Eat: Bread ration      |       |     1 |     1 ||     2
Armor: Robe              |    28 |     7 |    36 ||    71
Dodge: Dodged            |   134 |    84 |   229 ||   447
